 Dungeon Crawl Stone Soup version 0.20.0-10-g0535bb4 (webtiles) character file.

40007 Jmtistic the Severer (level 13, 0/115 HPs)
             Began as a Minotaur Berserker on June 7, 2017.
             Was a High Priest of Trog.
             Slain by a seven-headed hydra (2 damage)
             ... on level 6 of the Lair of Beasts.
             The game lasted 01:55:44 (16089 turns).

Jmtistic the Severer (Minotaur Berserker)          Turns: 16089, Time: 01:55:45

Health: 0/115      AC: 25    Str: 30    XL:     13   Next: 72%
Magic:  15/15      EV:  2    Int:  4    God:    Trog [*****.]
Gold:   905        SH:  0    Dex: 14    Spells: 12/12 levels left

rFire    + . .     SeeInvis .   a - +13 battleaxe of Trog's Hope {venom, rN++}
rCold    . . .     Gourm    .   (shield currently unavailable)
rNeg     + + +     Faith    .   C - +0 plate armour
rPois    ∞         Spirit   .   (helmet restricted)
rElec    +         Reflect  .   z - +0 cloak of Rikk {rPois rC+ MR-}
rCorr    .         Harm     .   t - +1 pair of gloves
MR       +....                  D - +2 pair of boots of Fortification {rElec Dex+3}
Stlth    ..........             (no amulet)
Regen    1.3/turn               o - +4 ring of strength
MPRegen  0.2/turn               P - ring of fire

@: petrified, berserk cooldown, regenerating, slowed
A: retaliatory headbutt, horns 2
a: Berserk, Trog's Hand, Brothers in Arms, Burn Spellbooks, Renounce Religion


You were on level 6 of the Lair of Beasts.
You worshipped Trog.
Trog was extremely pleased with you.
You were not hungry.

You visited 2 branches of the dungeon, and saw 17 of its levels.

You collected 905 gold pieces.

Inventory:

Hand Weapons
 a - the +13 battleaxe of Trog's Hope (weapon) {venom, rN++}
   (Trog gifted it to you on level 1 of the Lair of Beasts)

   It poisons the flesh of those it strikes.
   It greatly protects you from negative energy.
 b - a +0 long sword of flaming
 G - a +4 scimitar of freezing
Missiles
 I - 7 javelins of penetration (quivered)
Armour
 e - a +0 pair of boots
 l - a +2 shield of protection
 t - a +1 pair of gloves (worn)
 z - the +0 cloak of Rikk (worn) {rPois rC+ MR-}
   (You acquired it on level 2 of the Lair of Beasts)

   It protects you from cold.
   It protects you from poison.
   It affects your resistance to hostile enchantments.
 C - a +0 plate armour (worn)
 D - the +2 pair of boots of Fortification (worn) {rElec Dex+3}
   (You found it on level 3 of the Lair of Beasts)

   It affects your dexterity (+3).
   It insulates you from electricity.
Jewellery
 d - an uncursed amulet of harm
 o - a +4 ring of strength (left hand)
 P - a ring of fire (right hand)
 V - an uncursed ring of resist corrosion
Wands
 m - a wand of digging (9/24)
 y - a wand of lightning (5/15)
 M - a wand of flame (32/48)
 N - a wand of paralysis (16/24)
 O - a wand of lightning (5/15)
 R - a wand of iceblast (5/15)
 U - a wand of iceblast (8/15)
 W - a wand of acid (3/15)
 Y - a wand of lightning (6/15)
Scrolls
 f - a scroll of identify
 h - a scroll of fear {unknown}
 j - a scroll of vulnerability {unknown}
 k - 2 scrolls of immolation
 n - 2 scrolls of enchant weapon
 r - 7 scrolls of remove curse
 B - a scroll of summoning {unknown}
 H - 2 scrolls of recharging {unknown}
 J - a scroll of enchant armour
 K - 2 scrolls of fog {unknown}
 Q - 3 scrolls of magic mapping
 X - a scroll of torment {unknown}
 Z - a scroll of noise {unknown}
Potions
 p - 3 potions of might
 q - 3 potions of berserk rage
 s - 2 potions of brilliance
 u - 3 potions of mutation
 v - a potion of invisibility
 w - 3 potions of lignification
 x - 2 potions of agility
 L - a potion of haste
Miscellaneous
 T - a box of beasts
Comestibles
 c - 6 bread rations
 i - 5 meat rations
 E - 7 royal jellies
 S - 15 chunks of flesh


   Skills:
 + Level 10.9 Fighting
 * Level 5.8 Long Blades
 * Level 18.3 Axes
 * Level 15.5 Armour
 - Level 2.1 Dodging
 - Level 1.4 Stealth
 * Level 4.5 Evocations


You had 12 spell levels left.
You didn't know any spells.

Dungeon Overview and Level Annotations

Branches:
Dungeon (11/15)            Temple (0/1) D:5            Lair (6/6) D:10
 Shoals (0/4) Lair:4       Spider (0/4) Lair:3          Orc (0/2) D:11
  Slime: Lair:5-6

Altars:
Cheibriados
Kikubaaqudgha
Makhleb
Nemelex Xobeh
Trog
Uskayaw
The Shining One
Beogh

Shops:
D:10 (

Annotations:
D:2 Sigmund
D:7 2 runed doors
D:8 Maurice
Lair:5 exclusion: oklob plant


Innate Abilities, Weirdness & Mutations

You reflexively headbutt those who attack you in melee.
You have a pair of horns on your head.


Message History

The seven-headed hydra bites you.
* * * LOW HITPOINT WARNING * * *
The seven-headed hydra bites you but does no damage. x2
The seven-headed hydra bites you.
* * * LOW HITPOINT WARNING * * *
You feel the effects of Trog's Hand fading.
The komodo dragon bites you!!
* * * LOW HITPOINT WARNING * * *
The molten gargoyle hits you but does no damage.
The seven-headed hydra bites you but does no damage. x4
The seven-headed hydra bites you!
* * * LOW HITPOINT WARNING * * *
The seven-headed hydra bites you but does no damage. x2
The komodo dragon bites you!
* * * LOW HITPOINT WARNING * * *
The seven-headed hydra barely misses you.
The seven-headed hydra bites you but does no damage. x4
The seven-headed hydra barely misses you.
The seven-headed hydra bites you.
You die...

.....########÷#.#
###....
.........#......##
###..
.....P.P..^....#.#
#..
......P.###......#
#. .......##
###..### .......#
#### . .......# ##
## ... .......#
#8#8#.....
.......# #@Dl.....
.......##
#.9l......
........#
§.......#..
........#
§≈≈§#l....#
.......##
#§≈§≈#.....≈#
.......#
#§##...#...≈§.
#.....## #≈§ .
.≈###≈§§≈ ##....#
≈≈ # ≈≈≈ §t.≈
#....#


You could see a seven-headed hydra, a fire crab, 2 komodo dragons, a molten
gargoyle and a wyvern.

Vanquished Creatures
  Snorg (D:11)
  Josephine (Lair:5)
  8 hydras
  Harold (Lair:2)
  2 two-headed ogres
  A catoblepas (Lair:6)
  A wolf spider (Lair:3)
  An ugly thing (D:10)
  A cyclops (D:11)
  3 centaur zombies
  Joseph (D:8)
  2 molten gargoyles (Lair:5)
  5 black mambas
  16 spiny frogs
  5 rime drakes
  8 komodo dragons
  2 polar bears
  A blink frog (Lair:6)
  6 hippogriffs
  5 wraiths
  Grum (D:9)
  6 wyverns
  6 humans
  19 yaks
  6 basilisks
  6 soldier ants (D:7)
  A hell hound (Lair:6)
  10 water moccasins
  Duvessa (D:7)
  10 porcupines
  An ice beast (D:11)
  A sky beast (D:10)
  7 orc warriors
  2 black bears
  4 ogres
  A phantom (D:10)
  15 wolves
  5 crocodiles
  4 centaurs
  2 big kobolds
  11 bullfrogs
  Dowan (D:7)
  A water moccasin skeleton (D:6)
  4 scorpions
  14 killer bees
  The ghost of DasRunzen the Slasher, a weakling DsGl (D:3)
  4 wights (D:8)
  3 electric eels (Lair:3)
  7 crimson imps
  3 howler monkeys
  5 lava snakes (Lair:5)
  5 hounds
  A quasit (D:5)
  8 orc priests
  4 jellies
  10 orc wizards
  3 iguanas
  8 worker ants
  A hound zombie (D:9)
  A hound skeleton (D:10)
  Robin (D:4)
  A worker ant zombie (D:7)
  18 adders
  A shadow imp (D:6)
  An adder skeleton (D:5)
  2 worms (D:3)
  3 dart slugs
  6 leopard geckos
  55 orcs
  5 bats
  4 giant cockroaches
  17 goblins
  4 hobgoblins
  5 jackals
  15 kobolds
  6 quokkas
  A ball python (D:4)
  7 frilled lizards
  A giant cockroach zombie (D:6)
  A jackal skeleton (D:4)
  A leopard gecko zombie (D:5)
  9 rats
  A bush (Lair:2)
  2 fungi
  2 plants (Lair:3)
443 creatures vanquished.

Vanquished Creatures (others)
  6 fungi
  5 plants
11 creatures vanquished.

Grand Total: 454 creatures vanquished

Notes
Turn   | Place    | Note
-------+----------+-------------------------------------------
     0 | D:1      | Jmtistic the Minotaur Berserker began the quest for the Orb.
     0 | D:1      | Reached XP level 1. HP: 19/19 MP: 0/0
   123 | D:1      | Reached skill level 4 in Axes
   139 | D:1      | Reached XP level 2. HP: 24/27 MP: 1/1
   513 | D:1      | Reached XP level 3. HP: 31/33 MP: 2/2
   860 | D:2      | Reached ** piety under Trog
   860 | D:2      | Reached skill level 5 in Axes
  1171 | D:2      | Noticed Sigmund
  1220 | D:3      | Reached XP level 4. HP: 40/40 MP: 3/3
  1341 | D:3      | Noticed DasRunzen's ghost (weakling DsGl)
  1352 | D:3      | Killed DasRunzen's ghost
  1352 | D:3      | Reached skill level 6 in Axes
  1352 | D:3      | Reached XP level 5. HP: 46/46 MP: 4/4
  1667 | D:3      | Reached *** piety under Trog
  2375 | D:4      | Reached XP level 6. HP: 52/52 MP: 5/5
  2413 | D:4      | Reached skill level 7 in Axes
  2499 | D:4      | Reached skill level 5 in Armour
  2626 | D:4      | Noticed Robin
  2649 | D:4      | Killed Robin
  2766 | D:4      | Found a burning altar of Makhleb.
  3149 | D:5      | Entered Level 5 of the Dungeon
  3168 | D:5      | Reached XP level 7. HP: 57/60 MP: 6/6
  3218 | D:5      | Found a staircase to the Ecumenical Temple.
  3273 | D:5      | Reached skill level 1 in Stealth
  3273 | D:5      | Reached skill level 8 in Axes
  3276 | D:5      | Reached **** piety under Trog
  4075 | D:6      | Reached skill level 5 in Fighting
  4075 | D:6      | Reached XP level 8. HP: 60/68 MP: 7/7
  4089 | D:6      | Reached skill level 9 in Axes
  4928 | D:7      | Found a runed door.
  4930 | D:7      | Found a runed gate.
  4955 | D:7      | Noticed Duvessa
  4955 | D:7      | Noticed Dowan
  4970 | D:7      | Killed Duvessa
  4975 | D:7      | Killed Dowan
  4975 | D:7      | Reached skill level 10 in Axes
  5017 | D:7      | Found a runed gate.
  5017 | D:7      | Found a runed gate.
  5025 | D:7      | Found a runed door.
  5290 | D:7      | Reached XP level 9. HP: 75/75 MP: 8/8
  5296 | D:7      | Reached skill level 11 in Axes
  5565 | D:7      | Reached skill level 10 in Armour
  5591 | D:7      | Reached skill level 12 in Axes
  6130 | D:8      | Noticed Joseph
  6377 | D:8      | Killed Joseph
  6377 | D:8      | Reached XP level 10. HP: 84/84 MP: 9/9
  6779 | D:8      | Noticed Maurice
  7048 | D:9      | Noticed Grum
  7055 | D:9      | Killed Grum
  7055 | D:9      | Reached skill level 13 in Axes
  7270 | D:9      | Received a gift from Trog
  7437 | D:9      | Noticed a two-headed ogre
  7438 | D:9      | Noticed a two-headed ogre
  7614 | D:9      | Found a hide-covered altar of Uskayaw.
  7614 | D:9      | Found a sparkling altar of Nemelex Xobeh.
  7653 | D:9      | Found an ancient bone altar of Kikubaaqudgha.
  7663 | D:9      | Found a bloodstained altar of Trog.
  7667 | D:9      | Found a glowing golden altar of the Shining One.
  7744 | D:10     | Entered Level 10 of the Dungeon
  7904 | D:10     | Reached skill level 14 in Axes
  7935 | D:10     | Found a staircase to the Lair.
  8387 | D:10     | Found Ocegy's Antique Weapon Emporium.
  8478 | D:10     | Noticed a green ugly thing
  8495 | D:10     | Killed a green ugly thing
  8495 | D:10     | Reached XP level 11. HP: 60/94 MP: 10/10
  8873 | D:10     | Noticed a two-headed ogre
  8889 | D:10     | Killed a two-headed ogre
  9155 | D:11     | Noticed a two-headed ogre
  9165 | D:11     | Killed a two-headed ogre
  9352 | D:11     | Found a burning altar of Makhleb.
  9441 | D:11     | Reached ***** piety under Trog
  9485 | D:11     | Reached skill level 15 in Axes
  9801 | D:11     | Noticed Snorg
  9818 | D:11     | Killed Snorg
  9942 | D:11     | Found a roughly hewn altar of Beogh.
  9942 | D:11     | Found a staircase to the Orcish Mines.
 10349 | Lair:1   | Entered Level 1 of the Lair of Beasts
 10371 | D:10     | Reached skill level 1 in Long Blades
 10627 | Lair:1   | Received a gift from Trog
 10630 | Lair:1   | Got an encrusted battleaxe {god gift}
 10631 | Lair:1   | Identified the +13 battleaxe of Trog's Hope {venom, rN++} (Trog gifted it to you on level 1 of the Lair of Beasts)
 11013 | Lair:1   | Reached skill level 16 in Axes
 11088 | Lair:1   | Reached XP level 12. HP: 85/104 MP: 11/11
 11241 | Lair:1   | Reached skill level 1 in Evocations
 11738 | Lair:2   | Noticed a five-headed hydra
 11747 | Lair:2   | Killed a three-headed hydra
 11780 | Lair:2   | Noticed a seven-headed hydra
 11789 | Lair:2   | Killed a five-headed hydra
 11961 | Lair:2   | Noticed Harold
 11980 | Lair:2   | Killed Harold
 12394 | Lair:2   | Noticed a four-headed hydra
 12400 | Lair:2   | Killed a one-headed hydra
 12519 | Lair:2   | Identified 2 scrolls of acquirement
 12522 | Lair:2   | Got a bloodstained cloak
 12528 | Lair:2   | Identified the +0 cloak of Rikk {rPois rC+ MR-} (You acquired it on level 2 of the Lair of Beasts)
 12539 | Lair:3   | Noticed a six-headed hydra
 12553 | Lair:3   | Killed a one-headed hydra
 12833 | Lair:3   | Found a hole to the Spider Nest.
 13052 | Lair:3   | Noticed a seven-headed hydra
 13060 | Lair:3   | Killed a five-headed hydra
 13060 | Lair:3   | Reached skill level 17 in Axes
 13632 | Lair:3   | Got a pair of distressingly furry boots
 13645 | Lair:3   | Identified the +2 pair of boots of Fortification {rElec Dex+3} (You found it on level 3 of the Lair of Beasts)
 13968 | Lair:4   | Reached skill level 10 in Fighting
 13972 | Lair:4   | Received a gift from Trog
 14032 | Lair:4   | Reached XP level 13. HP: 88/113 MP: 14/14
 14607 | Lair:4   | Found a staircase to the Shoals.
 14747 | Lair:4   | Found a snail-covered altar of Cheibriados.
 14856 | Lair:5   | Reached skill level 15 in Armour
 15106 | Lair:5   | Noticed Josephine
 15119 | Lair:5   | Killed Josephine
 15182 | Lair:5   | Reached skill level 5 in Long Blades
 15472 | Lair:5   | Reached skill level 18 in Axes
 15884 | Lair:6   | Entered Level 6 of the Lair of Beasts
 16089 | Lair:6   | HP: 2/115 [komodo dragon (7)]
 16089 | Lair:6   | Slain by a seven-headed hydra

Skill      XL: |  1  2  3  4  5  6  7  8  9 10 11 12 13 |
---------------+----------------------------------------+-----
Axes           | 4 5 6 7 8 10 12 14 16 17 18 | 18.3
Armour         | 3 4 5 7 8 11 12 13 14 15 | 15.5
Fighting       | 4 5 6 7 9 10 | 10.9
Stealth        | 1 |  1.4
Long Blades    | 2 4 5 |  5.8
Evocations     | 3 4 |  4.5
Dodging        | |  2.1

Action                   |  1- 3 |  4- 6 |  7- 9 | 10-12 | 13-15 || total
-------------------------+-------+-------+-------+-------+-------++-------
Melee: Hand axe          |   109 |   152 |   306 |    28 |       ||   595
       Headbutt          |    10 |    23 |    72 |   125 |    35 ||   265
       War axe           |       |       |       |   361 |       ||   361
       Long sword        |       |       |       |    56 |    15 ||    71
       Battleaxe         |       |       |       |   144 |   114 ||   258
Invok: Berserk           |     1 |     1 |     5 |     9 |     3 ||    19
       Burn Spellbooks   |     1 |       |     2 |     2 |     1 ||     6
       Trog's Hand       |       |       |     4 |     6 |     3 ||    13
  Use: Scroll            |       |       |     9 |    13 |     3 ||    25
       Potion            |       |       |       |       |     3 ||     3
 Stab: Sleeping          |     2 |       |       |       |       ||     2
  Eat: Chunk             |     1 |     3 |     9 |    17 |     3 ||    33
       Bread ration      |       |     1 |     1 |     2 |       ||     4
       Fruit             |       |       |     4 |    11 |       ||    15
       Meat ration       |       |       |       |       |     1 ||     1
       Royal jelly       |       |       |       |       |     1 ||     1
Armor: Animal skin       |     8 |       |       |       |       ||     8
       Chain mail        |    46 |    63 |   134 |    14 |       ||   257
       Plate armour      |       |       |       |   303 |   130 ||   433
Dodge: Dodged            |    64 |    48 |   108 |   219 |    78 ||   517
       Rpst.: Long sword |       |       |       |     8 |     2 ||    10
